 Dungeon Crawl Stone Soup version 0.30-a0-857-gcaf7073 (webtiles) character file.

Game seed: 16208548892303179902

58 Vbitz the Covered (level 4, -1/40 HPs)
             Began as a Hill Orc Fighter on Mar 5, 2023.
             Killed by nerve-wracking pain
             ... invoked by Grinder
              (12 damage)
             ... on level 3 of the Dungeon.
             The game lasted 00:03:27 (1764 turns).

Vbitz the Covered (Hill Orc Fighter)                Turns: 1764, Time: 00:03:27

Health: -1/40      AC:  9    Str: 20    XL:     4   Next: 2%
Magic:  4/4        EV:  9    Int:  8    God:
Gold:   91         SH:  4    Dex: 10    Spells: 3/3 levels left

rFire   . . .      SeeInvis .    a - +1 war axe
rCold   . . .      Faith    .    c - +0 buckler
rNeg    . . .      Spirit   .    b - +0 scale mail
rPois   .          Reflect  .    (no helmet)
rElec   .          Rampage  .    (no cloak)
rCorr   .                        (no gloves)
Will    .....                    (no boots) Stlth
                                 (no amulet)
HPRegen 0.26/turn                (no ring)
MPRegen 0.09/turn                (no ring)

@: no status effects
A: iridescent scales 1, sturdy frame 1
a: no special abilities


You were on level 3 of the Dungeon.
You visited 1 branch of the dungeon, and saw 3 of its levels.

You collected 91 gold pieces.

Inventory:

Hand Weapons
 a - a +1 war axe (weapon)
Armour
 b - a +0 scale mail (worn)
 c - a +0 buckler (worn)
Jewellery
 j - an amulet of faith
 p - a ring of protection from fire
Scrolls
 g - a scroll of teleportation
 k - 2 scrolls of identify
 n - a scroll of poison {unknown}
 o - 2 scrolls of enchant weapon
 q - a scroll of noise {unknown}
 r - a scroll of immolation {unknown}
 s - a scroll of vulnerability {unknown}
 v - a scroll of fog {unknown}
Potions
 d - 2 potions of might
 e - 4 potions of curing
 h - a potion of magic {unknown}
 i - a potion of ambrosia {unknown}
 l - a potion of degeneration {unknown}
 m - a potion of lignification
 t - a potion of resistance
 u - a potion of brilliance {unknown}
 w - a potion of berserk rage {unknown}


   Skills:
 + Level 4.0 Fighting
 + Level 4.0 Axes
 + Level 4.1 Armour
 + Level 3.5 Shields


You had 3 spell levels left.
You didn't know any spells.
Your spell library contained the following spells:

 Spells                   Type           Power      Damage    Failure   Level
 Alistair's Intoxication  Tmut/Pois      0%         N/A       100%        5
 Borgnjor's Vile Clutch   Necr/Erth      0%         N/A       100%        5
 Eringya's Noxious Bog    Tmut/Pois      0%         N/A       100%        6


Dungeon Overview and Level Annotations

Branches:
Dungeon (3/15)

Altars:

Annotations:
D:3 Grinder


Innate Abilities, Weirdness & Mutations

You are partially covered in iridescent scales. (AC +2)
Your movements are slightly less encumbered by armour. (ER -2)


Message History

Grinder is moderately wounded.
Grinder hits you but does no damage. Grinder hits you.
You writhe in agony.
You slash Grinder!
Grinder is moderately wounded.
You block Grinder's attack.
You hit Grinder.
Grinder is heavily wounded.
Grinder hits you but does no damage.
You barely miss Grinder.
Grinder is heavily wounded.
Grinder hits you.
You writhe in agony.
Grinder completely misses you.
You are too injured to fight recklessly!
You are too injured to fight recklessly!
You are too injured to fight recklessly!
You are too injured to fight recklessly!
You barely miss Grinder.
Grinder is heavily wounded.
You block Grinder's attack.
You hit Grinder.
Grinder is heavily wounded.
Grinder barely misses you.
You hit Grinder but do no damage.
Grinder is heavily wounded.
Grinder blinks!
Grinder drinks a potion.
Grinder is healed!
Found 13 gold pieces.
You slash Grinder!
Grinder is severely wounded.
Grinder barely misses you. x2
You barely miss Grinder.
Grinder is severely wounded.
Grinder hits you.
* * * LOW HITPOINT WARNING * * *
You closely miss Grinder.
Grinder is severely wounded.
Grinder blinks!
Found a potion of curing.
Grinder gestures at you. Pain shoots through your body!
You die...

####..#######.
#.#.#.............
##$ ...#.....##
..#..##.#.#..#####
..#.##.#.##<....#
#.#.##.#.######.#
#.######.#.##.#.#
.......#......#.#
#......@......).#
.................#
........5.......?#
.................#
.......:.........#
!................#
..........?......#
#................#


You could see Grinder.

Vanquished Creatures
  3 worms (D:2)
  3 dart slugs
  5 ball pythons
  7 endoplasms
  3 giant cockroaches
  4 goblins
  3 hobgoblins (D:2)
  2 kobolds (D:2)
  2 quokkas (D:1)
  3 bats
  A frilled lizard (D:1)
  2 rats
38 creatures vanquished.

Notes
Turn   | Place    | Note
-------+----------+-------------------------------------------
     0 | D:1      | Vbitz the Hill Orc Fighter began the quest for the Orb.
     0 | D:1      | Reached XP level 1. HP: 19/19 MP: 1/1
   166 | D:1      | Reached XP level 2. HP: 27/27 MP: 2/2
  1070 | D:2      | Reached XP level 3. HP: 33/33 MP: 3/3
  1384 | D:2      | Reached XP level 4. HP: 28/40 MP: 4/4
  1645 | D:2      | Gained mutation: Your movements are slightly less
                  | encumbered by armour. (ER -2) [potion of mutation]
  1645 | D:2      | Gained mutation: You are partially covered in iridescent
                  | scales. (AC +2) [potion of mutation]
  1741 | D:3      | Noticed Grinder
  1764 | D:3      | Killed from afar by Grinder

Illustrated notes

Levels and vault maps discovered:
D:1:      matt_arrival_grand_opening, layout_basic
D:2:      layout_rooms, minmay_randomly_rotated_circles
D:3:      layout_rooms, nicolae_overflow_hidden_temple, minmay_ruptured,
          uniq_grinder

Skill      XL: |  1  2  3 |
---------------+----------+-----
Axes           | 3 4 |  4.0
Armour         | 4 |  4.1
Fighting       | 4 |  4.0
Shields        | |  3.5

Action                     |  1- 3 |  4- 6 || total
---------------------------+-------+-------++-------
  Melee: War axe           |   105 |    18 ||   123
    Use: Scroll            |       |     3 ||     3
         Potion            |       |     3 ||     3
 Armour: Scale mail        |    39 |     3 ||    42
  Dodge: Dodged            |    55 |    11 ||    66
  Block: Buckler           |    14 |     4 ||    18

Table legend: (Time is in decaauts)
 A = Elapsed time spent in this place.
 B = Non-inter-level travel time spent in this place.
 C = Inter-level travel time spent in this place.
 D = Time resting spent in this place.
 E = Time spent auto-exploring this place.
 F = Levels seen in this place.
 G = Mean time per level.
                   A        B        C        D        E       F      G
               +--------+--------+--------+--------+--------+-----+--------+
         Total |   1809 |   1765 |     44 |      0 |   1442 |   3 |  603.0 |
       Dungeon |   1809 |   1765 |     44 |      0 |   1442 |   3 |  603.0 |
               +--------+--------+--------+--------+--------+-----+--------+

Top non-repeatable levels by time:
     D:1: 985 daAuts
     D:2: 783 daAuts
     D:3: 40 daAuts
